[Event "*** Titled Tuesday Blitz"]
[Site "Chess.com"]
[Date "2020.04.07"]
[Round "4"]
[White "TastyFrenchFries"]
[Black "Ali_rastbod"]
[Result "1-0"]
[WhiteElo "2419"]
[BlackElo "2612"]
[TimeControl "180+1"]
[EndTime "13:39:45 PDT"]
[Termination "TastyFrenchFries won by resignation"]

1. e4 e6 2. d4 d5 3. e5 c5 4.
c3 Qb6 5. Nf3 Nc6 6. a3 Nh6 7. b4 cxd4 8. Bxh6 gxh6 9. cxd4 Bd7 10. Ra2 Rg8 11. h3 Be7 12. g3 f6 13. b5 Nxd4 14. Nxd4 fxe5 15. Nf3 Bf6 16. Nxe5 Qa5+ 17. Nd2 Rg5 18. Nxd7 Kxd7 19. Be2 Rag8 20. O-O Rxg3+ 21. fxg3 Rxg3+ 22. Kh1 Rxh3+ 23. Kg2 Qc3 24. Nf3 Rh5 25. Rc2 Qe3 26. Qc1 Qb6 27. a4 Qd6 28. Rh1 Bg5 29.
Qb2 Qf4 30. Rxh5 Qg4+ 31. Kf1 Qxh5 32. Qg7+ Be7 33. Ne5+ 1-0

[Event "*** Titled Tuesday Blitz"]
[Site "Chess.com"]
[Date "2020.04.07"]
[Round "4"]
[White "INLOVEWITHF"]
[Black "zivicd"]
[Result "1-0"]
[WhiteElo "2542"]
[BlackElo "2333"]
[TimeControl "180+1"]
[EndTime "13:39:46 PDT"]
[Termination "INLOVEWITHF won by checkmate"]

1. d4 Nf6 2. c4 g6 3. Nc3 Bg7 4. e4 d6 5. f3 a6 6. Be3 c6 7. Qd2 e5 8. dxe5 dxe5 9. Qxd8+ Kxd8 10. Bb6+ Ke8 11. O-O-O Be6 12. Nh3 Nbd7 13. Bf2 h6 14.
Kb1 Ke7 15. c5 Rhd8 16. g4 Nh7 17. Be3 Ke8 18. Nf2 Bf8 19. Na4 f5 20. gxf5 gxf5 21. exf5 Bxf5+ 22. Bd3 Bxd3+ 23. Nxd3 Nhf6 24. Rhe1 Kf7 25. Bf2 Re8 26. Nc3 Nd5 27. Ne4 N7f6 28. Nd2 Nd7 29. Nc4 Kf6 30. Re4 Kf5 31. Rde1 N5f6 32. Rh4 Re6 33. b4 Rae8 34. Rg1 h5 35. Ne3# 1-0

[Event "*** Titled Tuesday Blitz"]
[Site "Chess.com"]
[Date "2020.04.07"]
[Round "4"]
[White "tufferguy"]
[Black "julinha97"]
[Result "1-0"]
[WhiteElo "2412"]
[BlackElo "2184"]
[TimeControl "180+1"]
[EndTime "13:39:47 PDT"]
[Termination "tufferguy won by resignation"]

1. e4 c5 2. c3 d5 3. exd5 Qxd5 4. d4 g6 5. Nf3 Bg7 6. Na3 Bg4 7. Be2 Nh6 8. O-O cxd4 9. h3 Bxf3 10. Bxf3 Qd7 11.
Bxh6 Bxh6 12. Qxd4 Qxd4 13. cxd4 Nc6 14. Nb5 O-O 15.
Rfe1 Rad8 16. Bxc6 bxc6 17. Nxa7 Rxd4 18. Nxc6 Rd2 19.
b4 e6 20. b5 Rc2 21. a4 Bg7 22. Rac1 Ra2 23. a5 Bh6 24. Rb1 Kg7 25. b6 Rc8 26. b7 Rxc6 27. b8=Q Rcc2 28. Qe5+ f6 29. Rb7+ 1-0

[Event "*** Titled Tuesday Blitz"]
[Site "Chess.com"]
[Date "2020.04.07"]
[Round "4"]
[White "Winehouse83"]
[Black "StephenDedalus83"]
[Result "0-1"]
[WhiteElo "2532"]
[BlackElo "2737"]
[TimeControl "180+1"]
[EndTime "13:39:50 PDT"]
[Termination "StephenDedalus83 won on time"]

1. d4 g6 2. c4 Bg7 3. e4 Nc6 4.
Be3 e5 5. d5 Nd4 6. Ne2 c5 7.
dxc6 dxc6 8. Nbc3 Ne7 9. Qd2 Be6 10. O-O-O Nxe2+ 11. Bxe2 Qxd2+ 12. Rxd2 h5 13. g3 h4 14. Rdd1 Nc8 15. f4 Nb6 16. Bc5 Bxc4 17. Bg4 hxg3 18. hxg3 Rd8 19. Rxh8+ Bxh8 20. Rh1 Bf6 21. b3 exf4 22.
bxc4 Bxc3 23. Kc2 Bd4 0-1

[Event "*** Titled Tuesday Blitz"]
[Site "Chess.com"]
[Date "2020.04.07"]
[Round "4"]
[White "kasparicy"]
[Black "Schandenfreude"]
[Result "0-1"]
[WhiteElo "2331"]
[BlackElo "2513"]
[TimeControl "180+1"]
[EndTime "13:39:50 PDT"]
[Termination "Schandenfreude won by resignation"]

1. e4 e6 2. d4 d5 3. Nd2 dxe4 4. Nxe4 Nd7 5. Nf3 Ngf6 6. Nxf6+ Nxf6 7. Bd3 c5 8. Bg5 cxd4 9. Nxd4 Be7 10. Nf3 O-O 11. Qe2 Qa5+ 12. Bd2 Qc7 13. O-O-O Bd7 14. h4 Rac8 15.
Kb1 a6 16. Bc3 Bc6 17. Be5 Qb6 18. Bd4 Qc7 19. Ng5 h6 20. Nf3 Rfd8 21. Be5 Qa5 22. Bc3 Qb6 23. Bd4 Qa5 24. Bc3 Bxf3 25. Qxf3 Rxc3 26.
bxc3 Nd5 27. Bc4 Nxc3+ 28. Ka1 Nxd1 29. Rxd1 Bf6+ 30. Kb1 Rxd1+ 31. Qxd1 Qc3 0-1

[Event "*** Titled Tuesday Blitz"]
[Site "Chess.com"]
[Date "2020.04.07"]
[Round "4"]
[White "Martins-BR"]
[Black "Alohamora11"]
[Result "0-1"]
[WhiteElo "2281"]
[BlackElo "2472"]
[TimeControl "180+1"]
[EndTime "13:39:50 PDT"]
[Termination "Alohamora11 won by resignation"]

1. e4 c5 2. Nf3 Nc6 3. Nc3 g6 4. d4 cxd4 5. Nxd4 Bg7 6. Be3 Nf6 7.
Nxc6 bxc6 8. e5 Ng8 9. Bd4 Nh6 10. e6 O-O 11. Bxg7 Kxg7 12. Qd4+ f6 13. exd7 Qxd7 14. Qxd7 Bxd7 15. Bc4 Nf5 16. O-O-O Rfd8 17. Rhe1 e5 18.
Ne4 Be8 19. Nc5 Bf7 20. Bxf7 Kxf7 21. c3 Rd5 22. Ne4 Rad8 23. g3 Nd6 24. Nd2 a5 25. b3 Nb7 26. c4 Rd4 27. Nf3 Rd3 28. Rxd3 Rxd3 29. Re3 Nc5 30. Kc2 Rd8 31. a3 h5 32.
b4 axb4 33. axb4 Ne6 34. Rb3 e4 35. Nd2 Nd4+ 36. Kc3 Nxb3 37. Nxb3 Rd3+ 38. Kc2 Rf3 0-1

[Event "*** Titled Tuesday Blitz"]
[Site "Chess.com"]
[Date "2020.04.07"]
[Round "4"]
[White "Alonmindlin"]
[Black "Andro2"]
[Result "1-0"]
[WhiteElo "2668"]
[BlackElo "2418"]
[TimeControl "180+1"]
[EndTime "13:39:52 PDT"]
[Termination "Alonmindlin won by resignation"]

1. d4 e6 2. c4 b6 3. Nc3 Bb7 4. Nf3 Bb4 5. e3 f5 6. Bd3 Nf6 7. O-O Bxc3 8. bxc3 O-O 9. a4 Nc6 10.
Ba3 d6 11. d5 exd5 12. cxd5 Ne7 13. c4 Qe8 14. Nd4 Bc8 15. a5 Bd7 16. Bb2 Ne4 17. Ne2 Nc5 18. Bc2 Ng6 19. axb6 axb6 20. Rxa8 Qxa8 21.
Qd4 Rf7 22. Ra1 Qd8 23. Ra7 Ne5 24. Nf4 Qb8 25. Ra1 b5 26. cxb5 Qxb5 27. h4 h6 28. h5 Qc4 29. Ng6 Nxg6 30. Qxc4 1-0

[Event "*** Titled Tuesday Blitz"]
[Site "Chess.com"]
[Date "2020.04.07"]
[Round "4"]
[White "VladDobrov"]
[Black "Ba_clbaf_osed_ingo_3v21"]
[Result "1-0"]
[WhiteElo "2874"]
[BlackElo "2673"]
[TimeControl "180+1"]
[EndTime "13:39:54 PDT"]
[Termination "VladDobrov won by resignation"]

1. d4 Nf6 2. c4 g6 3. g3 c6 4. Bg2 d5 5. e3 Bg7 6. Ne2 O-O 7.
O-O Bf5 8. cxd5 cxd5 9. Qb3 Qd7 10. Nbc3 e6 11. Bd2 Nc6 12. Rfc1 Na5 13. Qa4 Qxa4 14. Nxa4 Nc4 15. Bb4 Rfc8 16. b3 Nb6 17. Nc5 Bf8 18. Be1 Rc7 19. Rc3 Rac8 20. Rac1 Rb8 21. f3 h5 22. g4 hxg4 23. Bg3 Rbc8 24. Bxc7 Rxc7 25. f4 Nc8 26. Nxb7 Rxb7 27. Rxc8 Kg7 28. R8c7 Rxc7 29. Rxc7 Bb4 30. Rxa7 Bd2 31. Kf2 g3+ 32. Nxg3 Ng4+ 33.
Ke2 Bxe3 34. Nxf5+ gxf5 35. h3 Bxd4 36. Ra4 Ne3 37.
Rxd4 Nxg2 38. a4 e5 39. fxe5 1-0

[Event "*** Titled Tuesday Blitz"]
[Site "Chess.com"]
[Date "2020.04.07"]
[Round "4"]
[White "WPWPWP-2015"]
[Black "Mezioudamina88"]
[Result "1-0"]
[WhiteElo "2393"]
[BlackElo "2093"]
[TimeControl "180+1"]
[EndTime "13:39:55 PDT"]
[Termination "WPWPWP-2015 won by resignation"]

1. e4 c5 2. Nf3 Nc6 3. Bb5 g6 4. O-O Bg7 5. c3 Qa5 6. Qe2 Nf6 7. a4 O-O 8. Na3 d6 9. h3 a6 10. Bxc6 bxc6 11. Nc4 Qc7 12. d3 e5 13. a5 Be6 14.
Nb6 Rab8 15. Ng5 Nd7 16. Nxe6 fxe6 17. Nxd7 Qxd7 18. c4 Rb3 19. Kh2 Rfb8 20. h4 Qf7 21. g3 h6 22. Kg2 Kh7 23. f4 exf4 24. gxf4 Qd7 25. h5 Qf7 26. Rf3 gxh5 27. e5 Rg8 28. Kh1 d5 29. f5 exf5 30. Bf4 Rgb8 31. e6 Qe7 32. Bxb8 Rxb8 33. Rxf5 Rxb2 34. Qxh5 Qxe6 35. Rg1 dxc4 36. Rf7 Qd5+ 37. Qxd5 1-0

[Event "*** Titled Tuesday Blitz"]
[Site "Chess.com"]
[Date "2020.04.07"]
[Round "4"]
[White "RitvarsReimanis"]
[Black "MITerryble"]
[Result "0-1"]
[WhiteElo "2595"]
[BlackElo "2894"]
[TimeControl "180+1"]
[EndTime "13:39:57 PDT"]
[Termination "MITerryble won by checkmate"]

1. d4 e6 2. c4 Bb4+ 3. Bd2 Qe7 4. Nf3 Nf6 5. g3 Nc6 6. Bg2 Bxd2+ 7. Nbxd2 d6 8. e4 e5 9. d5 Nb8 10. O-O O-O 11. Ne1 a5 12. Nd3 Na6 13. a3 c5 14.
b4 axb4 15. axb4 cxb4 16. Nxb4 Bg4 17. Qb1 Nc5 18. Rxa8 Rxa8 19. f3 Bc8 20. Nd3 Qc7 21. Nb3 Nfd7 22. Rc1 Nxd3 23. Qxd3 Ra3 24. Rc3 Qb6+ 25.
c5 Nxc5 26. Nxc5 Rxc3 27. Qxc3 Qxc5+ 28. Qxc5 dxc5 29. Kf2 Bd7 30. Ke3 Kf8 31. f4 f6 32.
Kd3 Ke7 33. Kc3 Kd6 34. f5 Bb5 35. Bf3 Bf1 36. Kb3 b5 37. h4 Kc7 38. Ka3 Kb6 39. g4 h6 40. Kb3 b4 41. Ka4 Bb5+ 42. Kb3 Ka5 43. Kb2 c4 44. Bd1 Kb6 45. Bf3 Kc5 46. Bg2 Kd4 47. Bf3 c3+ 48. Kb3 Bc4+ 49. Kc2 b3+ 50. Kc1 b2+ 51. Kc2 Bd3+ 52. Kb3 b1=Q+ 53. Ka3 Kc5 54. Ka4 Qb4# 0-1

[Event "*** Titled Tuesday Blitz"]
[Site "Chess.com"]
[Date "2020.04.07"]
[Round "4"]
[White "Anton_Demchenko"]
[Black "VladimirBelous"]
[Result "1-0"]
[WhiteElo "2964"]
[BlackElo "2758"]
[TimeControl "180+1"]
[EndTime "13:39:59 PDT"]
[Termination "Anton_Demchenko won by resignation"]

1. d4 Nf6 2. Nf3 g6 3. Bf4 Bg7 4. c3 d6 5. Nbd2 O-O 6. e4 Nc6 7. Qc2 a6 8. Be2 h6 9. h3 e5 10. dxe5 Nh5 11. Be3 dxe5 12. g3 Qe7 13. Nh2 Bxh3 14.
Bxh5 gxh5 15. Qd1 h4 16. Qh5 Qf6 17. Ng4 Bxg4 18. Qxg4 Qg6 19. Qxh4 f5 20. exf5 Rxf5 21. Bxh6 Raf8 22. Bxg7 Kxg7 23. Ne4 Rf4 24. gxf4 Qxe4+ 25. Kf1 Qd3+ 26. Kg1 Rg8 27. Rh3 exf4 28. Rxd3 1-0

[Event "*** Titled Tuesday Blitz"]
[Site "Chess.com"]
[Date "2020.04.07"]
[Round "4"]
[White "Faqade"]
[Black "ChessQueen"]
[Result "0-1"]
[WhiteElo "2617"]
[BlackElo "2790"]
[TimeControl "180+1"]
[EndTime "13:39:59 PDT"]
[Termination "ChessQueen won by resignation"]

1. e4 e5 2. Nf3 Nf6 3. Nc3 Nc6 4. d4 exd4 5. Nxd4 Bb4 6. Nxc6 bxc6 7. Bd3 d5 8. exd5 cxd5 9. O-O O-O 10. Qf3 Bg4 11.
Qg3 Bd6 12. Qh4 Be6 13. Bg5 h6 14. Bxh6 gxh6 15. Qxh6 Re8 16. Rae1 Bf8 17. Qh4 Bg7 18.
Re5 Ne4 19. Rxe4 dxe4 20. Qxe4 f5 21. Qf3 Qg5 22. g3 Qg4 23. Qc6 Rad8 24. Qxc7 f4 25.
Qxa7 f3 26. Qb7 Bxc3 27. Qh7+ Kf8 28. bxc3 Qh3 29. Qxh3 Bxh3 30. Ra1 Re5 31. Bf1 Bxf1 32. Kxf1 Rd2 0-1

[Event "*** Titled Tuesday Blitz"]
[Site "Chess.com"]
[Date "2020.04.07"]
[Round "4"]
[White "Lagmantr"]
[Black "TST2014"]
[Result "1-0"]
[WhiteElo "2734"]
[BlackElo "2527"]
[TimeControl "180+1"]
[EndTime "13:40:00 PDT"]
[Termination "Lagmantr won on time"]

1. e4 c5 2. Nf3 Nc6 3. d4 cxd4 4. Nxd4 Nf6 5. Nc3 d6 6. Bg5 e6 7. Qd2 a6 8. O-O-O Bd7 9. f4 h6 10. Bh4 g5 11. fxg5 Ng4 12. Kb1 Be7 13. Be2 hxg5 14. Bxg4 gxh4 15. Nxc6 Bxc6 16. Rhf1 Qa5 17. Qf4 Rf8 18.
Qh6 O-O-O 19. Rxf7 Rxf7 20. Bxe6+ Kb8 21. Bxf7 Qe5 22. Bd5 Qxh2 23. Bxc6 bxc6 24. Qg7 Rd7 25. e5 d5 26. b3 Qg3 27. Qxg3 hxg3 28. Ne2 Bc5 29.
Nxg3 Re7 30. Re1 Bf2 31. Nf5 Rf7 32. e6 Rxf5 33. e7 1-0

[Event "*** Titled Tuesday Blitz"]
[Site "Chess.com"]
[Date "2020.04.07"]
[Round "4"]
[White "Vamostodorecto"]
[Black "Chessalary"]
[Result "1-0"]
[WhiteElo "2414"]
[BlackElo "2244"]
[TimeControl "180+1"]
[EndTime "13:40:01 PDT"]
[Termination "Vamostodorecto won by resignation"]

1. d4 d5 2. c4 e6 3. Nc3 c6 4. e4 dxe4 5. Nxe4 Bb4+ 6. Bd2 Qxd4 7.
Bxb4 Qxe4+ 8. Be2 Na6 9. Bf8 Ne7 10. Bxg7 Rg8 11. Bc3 Rxg2 12. Nf3 Nf5 13. Qd2 Bd7 14. O-O-O O-O-O 15. Bf6 Rxf2 16. Bxd8 Nc5 17. Qa5 Na6 18. Bh4 Nxh4 19. Rxd7 b6 20. Qxa6+ Kxd7 21. Rd1+ Ke7 22. Qa3+ c5 23. Qxa7+ Kf6 24. Qxb6 Nxf3 25. Qd8+ Kf5 26. Bd3 1-0

[Event "*** Titled Tuesday Blitz"]
[Site "Chess.com"]
[Date "2020.04.07"]
[Round "4"]
[White "orrbaverlekszarnyon"]
[Black "almaguerjm"]
[Result "1-0"]
[WhiteElo "2177"]
[BlackElo "2319"]
[TimeControl "180+1"]
[EndTime "13:40:02 PDT"]
[Termination "orrbaverlekszarnyon won by resignation"]

1. e4 e5 2. Nf3 Nc6 3. Bc4 Nf6 4. Ng5 d5 5. exd5 Na5 6. d3 h6 7. Nf3 Bg4 8. h3 Nxc4 9. dxc4 Bxf3 10. Qxf3 e4 11.
Qe2 Bb4+ 12. Bd2 Qe7 13. O-O O-O-O 14. Bxb4 Qxb4 15. c3 Qb6 16. b4 Rhe8 17. Qe3 Qa6 18. Nd2 c6 19. dxc6 Qxc6 20. Nb3 Kb8 21. c5 g5 22. Nd4 Qc7 23. a4 Nd5 24. Qg3 Nf4 25. Kh1 Ka8 26. Nb5 Qc8 27. Nd6 Qe6 28. Nxe8 Qxe8 29.
Rfd1 Rd3 30. Rxd3 exd3 31. Qe3 Qc6 32. f3 Qd7 33. Re1 Kb8 34. Qe8+ Kc7 35. Qxd7+ Kxd7 36. g3 Nxh3 37. Kg2 g4 38. fxg4 Ng5 39. Rd1 1-0

[Event "*** Titled Tuesday Blitz"]
[Site "Chess.com"]
[Date "2020.04.07"]
[Round "4"]
[White "Berant"]
[Black "PotapovaM"]
[Result "0-1"]
[WhiteElo "2311"]
[BlackElo "2528"]
[TimeControl "180+1"]
[EndTime "13:40:03 PDT"]
[Termination "PotapovaM won by resignation"]

1. e4 c5 2. Nf3 d6 3. Bb5+ Nd7 4. d4 cxd4 5. Qxd4 a6 6. Bxd7+ Bxd7 7. a4 e5 8. Qd1 h6 9. O-O Nf6 10. Re1 Be7 11.
c4 O-O 12. Nc3 Rc8 13. b3 Bc6 14. Ba3 Re8 15. Qd2 b6 16. Rad1 Qc7 17. Bxd6 Qb7 18. Bxe7 Rxe7 19. Nd5 Re6 20. Qb4 a5 21. Qc3 Nd7 22. Qe3 Nc5 23. Nh4 Rce8 24. Nf5 Rg6 25. f3 Ree6 26. Rd2 Kh7 27. Nc3 Nxb3 28. Rb2 Nc5 29.
Reb1 Qc7 30. Rxb6 Nxa4 31. Nxa4 Bxa4 32. Rb7 Qxc4 33. Rxf7 Qc2 34. Rxg7+ Rxg7 35. Nh4 Qxb1+ 36. Kf2 Qb6 37. Qxb6 Rxb6 38. Nf5 Bd7 39. g4 Bxf5 40. gxf5 a4 41. f6 Rxf6 0-1

[Event "*** Titled Tuesday Blitz"]
[Site "Chess.com"]
[Date "2020.04.07"]
[Round "4"]
[White "czasnaszachy"]
[Black "Pavlov_Sergey"]
[Result "0-1"]
[WhiteElo "2342"]
[BlackElo "2544"]
[TimeControl "180+1"]
[EndTime "13:40:04 PDT"]
[Termination "Pavlov_Sergey won by resignation"]

1. d4 Nf6 2. c4 e6 3. Nf3 d5 4. Nc3 dxc4 5. e3 a6 6. a4 b6 7. Bxc4 Bb7 8. Qe2 Bb4 9. O-O O-O 10. Bd2 c5 11. dxc5 Bxc5 12. Rfd1 Nc6 13. Be1 Qe7 14. e4 Ng4 15. e5 Qc7 16. Ne4 Ncxe5 17. Nxe5 Qxe5 18. Qxg4 Qxe4 19. Qxe4 Bxe4 20. Rd7 a5 21. Bb5 Rfd8 22. Rad1 Bd5 23. Rxd8+ Rxd8 24. Bc3 f6 25. h3 Kf7 26. Kf1 Bxg2+ 27. Ke1 Rxd1+ 28. Kxd1 Bxf2 29. h4 h5 30. Ke2 Bc5 31. Be1 g5 32.
Bg3 g4 33. Bf4 Bf3+ 34. Kf1 e5 35. Bc4+ Kg6 36. Bd2 g3 0-1

[Event "*** Titled Tuesday Blitz"]
[Site "Chess.com"]
[Date "2020.04.07"]
[Round "4"]
[White "Semen16"]
[Black "Kaua18"]
[Result "1-0"]
[WhiteElo "2406"]
[BlackElo "2165"]
[TimeControl "180+1"]
[EndTime "13:40:04 PDT"]
[Termination "Semen16 won by resignation"]

1. e4 c5 2. c3 Nf6 3. e5 Nd5 4.
d4 cxd4 5. cxd4 e6 6. Nf3 d6 7.
a3 Be7 8. Bd3 Bd7 9. O-O Bc6 10.
Qe2 O-O 11. Bd2 Qc7 12. Nc3 Nxc3 13. Bxc3 Rd8 14. Rfd1 Nd7 15. h3 dxe5 16. dxe5 a6 17. Re1 Nc5 18. Bc2 Bb5 19. Qe3 Nd3 20. Red1 Nxf2 21. Qxf2 Bc5 22. Nd4 Qxe5 23. Kh1 Rac8 24. Qh4 Bxd4 25. Bxd4 Qe2 26. Qxh7+ Kf8 27. Qxg7+ Ke8 28.
Qh8+ Kd7 29. Bf6+ Kc6 30. Bxd8 Bc4 31. Rac1 b5 32. b3 Kb7 33. bxc4 Rxc4 34. Qh7 Rxc2 35.
Qxc2 1-0

[Event "*** Titled Tuesday Blitz"]
[Site "Chess.com"]
[Date "2020.04.07"]
[Round "4"]
[White "AlanZhang"]
[Black "2nd_life"]
[Result "0-1"]
[WhiteElo "2137"]
[BlackElo "2401"]
[TimeControl "180+1"]
[EndTime "13:40:04 PDT"]
[Termination "2nd_life won by checkmate"]

1. e4 e5 2. Nf3 Nc6 3. Bb5 a6 4. Ba4 Nf6 5. O-O Be7 6. Re1 b5 7. Bb3 d6 8. c3 O-O 9. h3 Bb7 10.
d4 Re8 11. Nbd2 Bf8 12. Bc2 h6 13. b3 b4 14. d5 bxc3 15. Nb1 Nb4 16. Nxc3 Nxc2 17.
Qxc2 c6 18. dxc6 Bxc6 19. Bb2 Qb6 20. Red1 Rac8 21. Qe2 Qb7 22. Nd2 d5 23. exd5 Nxd5 24. Nxd5 Bxd5 25. f3 Rc2 26. Rab1 e4 27. Rdc1 Qb6+ 28.
Kh2 Qc7+ 29. Kh1 exf3 30. Qxe8 Qg3 31. Rxc2 Qxg2# 0-1

[Event "*** Titled Tuesday Blitz"]
[Site "Chess.com"]
[Date "2020.04.07"]
[Round "4"]
[White "poliplaza"]
[Black "Keaton87"]
[Result "0-1"]
[WhiteElo "2361"]
[BlackElo "2625"]
[TimeControl "180+1"]
[EndTime "13:40:05 PDT"]
[Termination "Keaton87 won by checkmate"]

1. d4 Nf6 2. c4 g6 3. Nc3 Bg7 4. Nf3 O-O 5. e4 d6 6. Be2 Bg4 7. Be3 Nfd7 8. Qb3 Bxf3 9. Bxf3 Nc6 10. Qxb7 Nxd4 11. O-O-O Nc5 12. Qd5 e5 13. Bxd4 exd4 14. Nb5 d3 15. e5 Rc8 16. exd6 Qf6 17. Nc3 cxd6 18. Rhe1 Rb8 19. Rxd3 Nxd3+ 20. Qxd3 Rb4 21. Rd1 Rfb8 22. Qxd6 Rxb2 23. Qxf6 Bxf6 24. Nd5 Bg5+ 25. Ne3 Rxf2 26. Rd3 Rbb2 27. Kd1 Rb1# 0-1

[Event "*** Titled Tuesday Blitz"]
[Site "Chess.com"]
[Date "2020.04.07"]
[Round "4"]
[White "coalescenet"]
[Black "bestluluNA"]
[Result "1-0"]
[WhiteElo "2344"]
[BlackElo "2490"]
[TimeControl "180+1"]
[EndTime "13:40:07 PDT"]
[Termination "coalescenet won on time"]

1. d4 Nf6 2. c4 e6 3. Nf3 d5 4.
Nc3 dxc4 5. e3 a6 6. a4 b6 7. Bxc4 Bb7 8. O-O Nbd7 9. Qe2 Bb4 10. Na2 Bd6 11. b4 Qe7 12. Ba3 O-O 13. Rfb1 e5 14. Nxe5 Nxe5 15. dxe5 Qxe5 16. f4 Qf5 17. Bd3 Qe6 18. Bc4 Qe7 19. Nc3 Rfe8 20. Nd1 Bxf4 21. b5 Bxe3+ 22. Kh1 Qe5 23. bxa6 Bc6 24. Bb5 Bxb5 25.
axb5 Qg5 26. Nxe3 Rxe3 27. Qd2 Ne4 28. Qa2 Qh4 29. Kg1 1-0

[Event "*** Titled Tuesday Blitz"]
[Site "Chess.com"]
[Date "2020.04.07"]
[Round "4"]
[White "m-garcett"]
[Black "Eloist"]
[Result "0-1"]
[WhiteElo "1899"]
[BlackElo "2264"]
[TimeControl "180+1"]
[EndTime "13:40:07 PDT"]
[Termination "Eloist won by resignation"]

1. e4 e6 2. d4 d5 3. Nc3 Nf6 4. e5 Nfd7 5. Nf3 c5 6. Ne2 Nc6 7.
c3 Qa5 8. Be3 cxd4 9. b4 Qc7 10.
cxd4 Bxb4+ 11. Bd2 Qa5 12. a3 Bxd2+ 13. Nxd2 O-O 14.
g3 f6 15. exf6 Nxf6 16. Bg2 e5 17. dxe5 Nxe5 18. O-O Bg4 19. h3 Bh5 20. g4 Bg6 21. Nf4 Be4 22. Nxe4 dxe4 23. g5 Nf3+ 24. Bxf3 Qxg5+ 25. Ng2 exf3 26. Qxf3 Rf7 27. Kh2 Raf8 28. Qb3 Kh8 29. Rg1 Qh5 30. Qb4 Nd5 31. Qd4 Rxf2 32. Raf1 R8f3 33. Rxf2 0-1

[Event "*** Titled Tuesday Blitz"]
[Site "Chess.com"]
[Date "2020.04.07"]
[Round "4"]
[White "hermionegrangermagic"]
[Black "Cocaino74"]
[Result "1-0"]
[WhiteElo "2465"]
[BlackElo "2261"]
[TimeControl "180+1"]
[EndTime "13:40:08 PDT"]
[Termination "hermionegrangermagic won on time"]

1. e4 c5 2. Nf3 Nc6 3. d4 cxd4 4. Nxd4 g6 5. Nc3 Bg7 6. Be3 Nf6 7. Bc4 O-O 8. Bb3 d6 9. f3 Bd7 10. Qd2 Na5 11.
O-O-O Nxb3+ 12. cxb3 Qa5 13. h4 b5 14. Kb1 b4 15. Nce2 Rab8 16. h5 Rb6 17. a4 Nxh5 18.
g4 Nf6 19. Bh6 Bxg4 20. Bxg7 Kxg7 21. Qh6+ Kg8 22. fxg4 Qe5 23. Nf5 gxf5 24. g5 Nh5 25. Qxh5 Qg7 26. exf5 Rc8 27. f6 Qh8 28. g6 fxg6 29.
Qd5+ Kf8 30. fxe7+ Kxe7 31. Nd4 Qf6 32. Rxh7+ Kd8 33.
Qg8+ 1-0

[Event "*** Titled Tuesday Blitz"]
[Site "Chess.com"]
[Date "2020.04.07"]
[Round "4"]
[White "Bigfish1995"]
[Black "vugarrasulov"]
[Result "1-0"]
[WhiteElo "2974"]
[BlackElo "2767"]
[TimeControl "180+1"]
[EndTime "13:40:09 PDT"]
[Termination "Bigfish1995 won by resignation"]

1. d4 Nf6 2. c4 g6 3. g3 Bg7 4.
Bg2 O-O 5. Nc3 d6 6. Nf3 Nc6 7. O-O a6 8. b3 Rb8 9. Bb2 b5 10.
cxb5 axb5 11. d5 Na5 12. a3 c5 13. dxc6 Nxc6 14. b4 Be6 15. Rc1 Qd7 16. Qd2 Rfc8 17. Rfd1 Bb3 18. Re1 Ng4 19. Bh3 h5 20. Nxb5 Rxb5 21. Bxg7 f6 22. Qd3 Qf5 23. Qxb3+ Kxg7 24. Bxg4 Qxg4 25. Qe3 Ne5 26. Nd4 Rxc1 27. Rxc1 Rd5 28. f4 Nf7 29. Ne6+ Kh6 30. Nc7 Rf5 31. Qxe7 Ne5 32. Qf8+ Kh7 33. Ne6 1-0

[Event "*** Titled Tuesday Blitz"]
[Site "Chess.com"]
[Date "2020.04.07"]
[Round "4"]
[White "FLamps8"]
[Black "yarosavich"]
[Result "0-1"]
[WhiteElo "2526"]
[BlackElo "2734"]
[TimeControl "180+1"]
[EndTime "13:40:09 PDT"]
[Termination "yarosavich won by resignation"]

1. d4 d5 2. c4 e6 3. Nc3 Nf6 4. cxd5 Nxd5 5. e4 Nxc3 6. bxc3 c5 7. Nf3 cxd4 8. cxd4 Bb4+ 9. Bd2 Bxd2+ 10. Qxd2 O-O 11.
Bc4 Nd7 12. O-O b6 13. a4 Bb7 14. Rfe1 Rc8 15. Bd3 Qc7 16. a5 Rfd8 17. axb6 axb6 18. Rec1 Qd6 19. Rxc8 Rxc8 20. Rc1 Rxc1+ 21. Qxc1 Bc6 22.
Qb2 h6 23. h3 Qf4 24. Qc2 Qd6 25. e5 Qd5 26. Bc4 Qe4 27. Bd3 Qd5 28. Bc4 Qa5 29.
Bxe6 Bxf3 30. Qc8+ Nf8 31. Bxf7+ Kxf7 32. Qf5+ Kg8 33.
Qxf3 Qa1+ 34. Kh2 Qxd4 35. Qf5 Qd7 36. Qe4 Ne6 37. f4 Qd4 38. Qa8+ Kh7 39. g3 Qf2+ 40. Kh1 Qxg3 41. Qe4+ Kg8 42. Qa8+ Nf8 43. Qd5+ Kh8 44. e6 Qxh3+ 45. Kg1 Qxe6 0-1

[Event "*** Titled Tuesday Blitz"]
[Site "Chess.com"]
[Date "2020.04.07"]
[Round "4"]
[White "kostas83"]
[Black "Quiet_Desperation"]
[Result "0-1"]
[WhiteElo "2269"]
[BlackElo "2045"]
[TimeControl "180+1"]
[EndTime "13:40:09 PDT"]
[Termination "Quiet_Desperation won by resignation"]

1. e4 e6 2. d4 d5 3. Bd3 Nf6 4. e5 Nfd7 5. c3 c5 6. Ne2 Nc6 7. a3 Be7 8. b4 cxd4 9. cxd4 O-O 10. O-O Nb6 11. Nbc3 f6 12. exf6 Bxf6 13. Be3 Bd7 14. Qc2 g6 15. Rad1 Rc8 16. Qb1 Bg7 17. b5 Na5 18. a4 Nac4 19. Bc1 Qe7 20. Qb3 Qf7 21. Qb4 Rfe8 22. a5 Bf8 23. Qb1 Nxa5 24. Nf4 Rxc3 25. Bd2 Ra3 26. Nxg6 Rxd3 27. Qxd3 Qxg6 28.
Qxg6+ hxg6 29. Bxa5 Nc4 30. Bc3 Bxb5 31. Ra1 a6 32.
Rfe1 Kf7 33. h4 Be7 34. g3 Bf6 35. f4 Nd6 36. Kg2 Ne4 37. Bb2 Rc8 38. Rec1 Rc4 39. Rxc4 dxc4 40. Kf3 Bc6 41. Ke3 c3 42. Ba3 b5 43.
Rg1 a5 44. g4 b4 45. Bc1 b3 0-1

[Event "*** Titled Tuesday Blitz"]
[Site "Chess.com"]
[Date "2020.04.07"]
[Round "4"]
[White "saikrishnaReturns"]
[Black "stolencandy13"]
[Result "0-1"]
[WhiteElo "2628"]
[BlackElo "2440"]
[TimeControl "180+1"]
[EndTime "13:40:10 PDT"]
[Termination "stolencandy13 won by checkmate"]

1. e4 c6 2. d3 d5 3. Nd2 e5 4. Ngf3 Bd6 5. g3 Nf6 6. Bg2 O-O 7. O-O Nbd7 8. c3 a5 9. a4 Nc5 10. Qc2 Re8 11. Rd1 Bg4 12. h3 Bh5 13.
g4 Bg6 14. Nh4 Nfxe4 15. Ndf3 Nf6 16. Nf5 Bxf5 17. gxf5 e4 18. dxe4 Ncxe4 19. Nd4 Qe7 20. Re1 Qc7 21. Be3 Bf4 22. c4 Bxe3 23. Rxe3 Qf4 24. Rae1 Nd6 25. Rxe8+ Rxe8 26. Rxe8+ Ndxe8 27. Nb3 Qxc4 28. Qxc4 dxc4 29. Nxa5 Nd6 30. Bf1 Nd7 31. Bxc4 b6 32. Be6 fxe6 33. fxe6 bxa5 34. exd7 Nb7 35. Kh2 Kf7 36. b4 Ke7 37. bxa5 Nxa5 38. Kg3 Kxd7 39. Kh4 Ke6 40. Kh5 Kf5 41. h4 c5 42. f4 g6+ 43.
Kh6 c4 44. Kxh7 c3 45. Kg7 c2 46. Kh6 c1=Q 47. Kg7 Qxf4 48. Kh7 Qxh4+ 49. Kg8 Qxa4 50. Kg7 Qd7+ 51. Kh6 g5 52. Kh5 Qh7# 0-1

[Event "*** Titled Tuesday Blitz"]
[Site "Chess.com"]
[Date "2020.04.07"]
[Round "4"]
[White "aa175"]
[Black "mokerslag"]
[Result "0-1"]
[WhiteElo "2246"]
[BlackElo "2445"]
[TimeControl "180+1"]
[EndTime "13:40:10 PDT"]
[Termination "mokerslag won by checkmate"]

1. d4 Nf6 2. Bf4 e6 3. e3 d5 4. Nf3 Be7 5. Nbd2 O-O 6. Bd3 c5 7. c3 Nc6 8. h4 Bd6 9. Ne5 Ne8 10. Ndf3 f5 11. Ng5 Nf6 12. Qf3 cxd4 13. exd4 Qc7 14. Qg3 Nh5 15. Qf3 Nxf4 16. Qxf4 Nxe5 17. dxe5 Bxe5 18.
Qf3 Bxc3+ 19. bxc3 Qxc3+ 20. Ke2 Qb2+ 21. Ke3 f4+ 22. Qxf4 Rxf4 23. Bxh7+ Kf8 24. Kxf4 Qxf2+ 25. Nf3 e5+ 26. Kxe5 Qe3+ 27. Kd6 Bg4 28. Ne5 Rd8+ 29. Kc7 Qb6# 0-1